 Dungeon Crawl Stone Soup version 0.24.0-125-gc4c63601f3 (webtiles) character file.

Game seed: 12698699095188228183, levelgen mode: deterministic

15655 Ponchio the Eclecticist (level 12, -10/62 HPs)
             Began as a Deep Elf Earth Elementalist on Mar 20, 2020.
             Was an Elder of Vehumet.
             Killed from afar by a hell knight (22 damage)
             ... with a bolt of fire
             ... in a volcano.
             The game lasted 01:08:40 (14152 turns).

Ponchio the Eclecticist (DEEE)                     Turns: 14152, Time: 01:08:41

Health: -10/62     AC:  4    Str:  5    XL:     12   Next: 3%
Magic:  0/33       EV: 14    Int: 26    God:    Vehumet [****..]
Gold:   699        SH:  0    Dex: 15    Spells: 27/42 levels left

rFire    + . .     SeeInvis +   M - +6 dagger of the Beast {pierce, MR++ SInv}
rCold    + . .     Gourm    .   (no shield)
rNeg     . . .     Faith    .   H - +0 robe {rF+}
rPois    .         Spirit   .   (no helmet)
rElec    .         Reflect  .   G - +1 cloak {MR+}
rCorr    .         Harm     .   (no gloves)
MR       ++++.                  (no boots)
Stlth    ++........             (no amulet)
HPRegen  0.20/turn              o - ring of see invisible
MPRegen  0.23/turn              i - ring of protection from cold

@: hasted, very quick
A: no striking features
a: Renounce Religion


You were in a volcano.
You worshipped Vehumet.
Vehumet was greatly pleased with you.
You were not hungry.

You visited 3 branches of the dungeon, and saw 13 of its levels.
You also visited: Ossuary and Volcano.

You collected 699 gold pieces.

Inventory:

Hand Weapons
 w - a +4 dagger
 M - the +6 dagger of the Beast (weapon) {pierce, MR++ SInv}
   (You found it on level 9 of the Dungeon)

   It inflicts extra damage upon your enemies.
   It affects your resistance to hostile enchantments.
   It lets you see invisible.
Missiles
 b - 205 stones (quivered)
 j - 7 silver javelins
Armour
 k - a +0 robe
 G - a +1 cloak of magic resistance (worn)
 H - a +0 robe of fire resistance (worn)
Jewellery
 i - a ring of protection from cold (right hand)
 o - a ring of see invisible (left hand)
 E - an uncursed ring of fire
Wands
 g - a wand of scattershot (2)
 h - a wand of disintegration (12)
 q - a wand of digging (11)
 y - a wand of random effects (24)
 F - a wand of acid (11)
 N - a wand of enslavement (10)
Scrolls
 a - 4 scrolls of amnesia
 c - 2 scrolls of noise
 e - 6 scrolls of teleportation
 f - 2 scrolls of enchant weapon
 t - 7 scrolls of remove curse
 J - 2 scrolls of identify
Potions
 l - 2 potions of agility
 m - a potion of might
 n - 2 potions of lignification
 p - 3 potions of cancellation
 s - 2 potions of resistance
 u - 6 potions of curing
 v - 3 potions of heal wounds
 x - 3 potions of haste
 z - 2 potions of degeneration
 A - 2 potions of mutation
 B - 4 potions of berserk rage
 C - a potion of brilliance
 K - 3 potions of flight
 L - a potion of magic {unknown}
Comestibles
 d - 20 rations
 r - 3 chunks of flesh


   Skills:
 * Level 2.1 Fighting
 + Level 3.4 Dodging
 - Level 2.4 Stealth
 - Level 15.7 Spellcasting
 - Level 1.1 Transmutations
 - Level 15.5 Earth Magic


You had 27 spell levels left.
You knew the following spells:

 Your Spells              Type           Power        Failure   Level  Hunger
a - Sandblast             Erth           ######       0%          1    None
b - Passwall              Tmut/Erth      ######..     1%          2    None
c - Stone Arrow           Conj/Erth      ######       1%          3    None
d - Petrify               Tmut/Erth      ######..     1%          4    None
e - Lee's Rapid Deconstr  Erth           #######...   1%          5    None

Your spell library contained the following spells:

 Spells                   Type           Power        Failure   Level  Hunger
 Olgreb's Toxic Radiance  Pois           ###.....     7%          4    None
 Infusion                 Chrm           ###.         2%          1    None
 Summon Butterflies       Summ           ###.....     2%          1    None
 Summon Small Mammal      Summ           ###.         2%          1    None
 Shroud of Golubria       Chrm/Tloc      ###...       3%          2    None
 Song of Slaying          Chrm           ###.....     3%          2    None
 Regeneration             Chrm/Necr      ###.......   8%          3    None
 Spectral Weapon          Hex/Chrm       ###.....     8%          3    None
 Ice Form                 Ice/Tmut       ###.....     21%         4    None
 Summon Forest            Summ/Tloc      ###.......   56%         5    None
 Shadow Creatures         Summ           N/A          98%         6    ####...


Dungeon Overview and Level Annotations

Branches:
Dungeon (9/15)             Temple (1/1) D:6            Lair (3/6) D:9
  Swamp (0/4) Lair:2        Snake (0/4) Lair:2          Orc (0/2) D:9
Ossuary (visited)         Volcano (1/1)

Altars:
Ashenzari
Cheibriados
Dithmenos
Elyvilon
Fedhas
Gozag
Hepliaklqana
Kikubaaqudgha
Makhleb
Nemelex Xobeh
Okawaru
Qazlal
Ru
Sif Muna
Trog
Uskayaw
Vehumet
Wu Jian
Xom
Yredelemnul
Zin
The Shining One

Shops:
D:4 !   D:5 *[=   D:7 [

Annotations:
D:3 Duvessa
Lair:2 1 runed translucent door, Arelonk's ghost, journeyman DsGl


Message History

b - 207 stones
Casting: Sandblast (safe; 0% risk of failure)
Confirm with . or Enter, or press ? or * to list all spells.
Aiming: Sandblast (safe; 0% risk of failure)
Press: ? - help, Shift-Dir - straight line, f/p - hell knight
Aim: a hell knight, wielding a +0 flail of flaming and wearing a +2 chain mail of fire resistance (lightly wounded)
The blast of sand hits the hell knight.
The hell knight is moderately wounded.
b - 206 stones
Casting: Sandblast (safe; 0% risk of failure)
Confirm with . or Enter, or press ? or * to list all spells.
Aiming: Sandblast (safe; 0% risk of failure)
Press: ? - help, Shift-Dir - straight line, f/p - hell knight
Aim: a hell knight, wielding a +0 flail of flaming and wearing a +2 chain mail of fire resistance (moderately wounded)
The blast of sand hits the hell knight but does no damage.
The hell knight is moderately wounded.
b - 205 stones The hell knight casts a spell at you.
The bolt of fire hits you!! You resist.
You die...

##...§≈≈≈≈§≈
#....§≈§≈≈§≈
##..§§§≈≈≈≈§
###.....§§≈≈≈≈
###)......§.≈≈≈≈
##§.##..##.......
####§≈p######.####.#
##..#§§§≈§§§#### ###
#∩..@..≈§§≈##
#≈.....≈≈§§≈#
##§....§≈§§##
#≈≈≈§≈§≈§###
#≈≈≈≈≈§§## ##≈§§§###
###§§# ####


You could see a hell knight.

Vanquished Creatures
  2 hydras
  Erica (D:8)
  4 two-headed ogres
  The ghost of ChadusMaximus the Cleaver, a novice MiBe of Trog (D:6)
  Maurice (D:8)
  2 komodo dragons
  A troll (D:9)
  2 dream sheep (D:8)
  Grinder (D:5)
  A wyvern (D:8)
  A wraith (D:9)
  11 yaks
  Grum (D:8)
  7 insubstantial wisps (Lair:2)
  2 water moccasins
  5 porcupines
  An orc warrior (D:6)
  An ice beast (D:5)
  3 sky beasts
  A black bear (D:8)
  A necrophage (D:9)
  3 phantoms
  3 wolves (D:8)
  3 centaurs
  5 ogres
  4 crocodiles
  3 big kobolds (D:8)
  Blork the orc (D:5)
  2 elf zombies (Ossuary)
  4 bullfrogs
  A wyvern zombie (D:9)
  6 killer bees (D:7)
  3 scorpions
  Dowan (D:4)
  A troll zombie (D:9)
  A wight (D:9)
  A troll skeleton (D:9)
  4 howler monkeys
  6 crimson imps
  3 hounds
  3 jellies
  A quasit (D:9)
  A centaur zombie (Ossuary)
  A centaur skeleton (D:9)
  7 human zombies
  6 orc priests
  2 bullfrog skeletons
  3 human skeletons (D:9)
  2 iguanas
  10 orc wizards
  7 worker ants
  2 big kobold zombies (Ossuary)
  A hound zombie (D:9)
  3 hound skeletons
  4 mummies
  2 worker ant zombies
  Robin (D:3)
  8 adders
  4 gnolls (D:7)
  3 shadow imps
  2 oozes
  4 adder zombies
  4 worms
  A dart slug (D:1)
  6 leopard geckos
  44 orcs
  4 giant cockroaches
  A gnoll zombie (Ossuary)
  16 goblins
  12 hobgoblins
  3 jackals (D:2)
  4 quokkas
  3 ball pythons
  7 bats
  3 frilled lizards
  5 goblin zombies (Ossuary)
  2 hobgoblin zombies (Ossuary)
  3 jackal zombies (Ossuary)
  10 kobolds
  5 kobold zombies (Ossuary)
  A leopard gecko zombie (D:4)
  An orc zombie (Ossuary)
  4 quokka zombies (Ossuary)
  8 rats
  4 rat zombies (Ossuary)
333 creatures vanquished.

Vanquished Creatures (collateral kills)
  A bullfrog (Lair:3)
1 creature vanquished.

Vanquished Creatures (others)
  11 plants
11 creatures vanquished.

Grand Total: 345 creatures vanquished

Notes
Turn   | Place    | Note
-------+----------+-------------------------------------------
     0 | D:1      | Ponchio the Deep Elf Earth Elementalist began the quest for
                  | the Orb.
     0 | D:1      | Reached XP level 1. HP: 10/10 MP: 6/6
   153 | D:1      | Reached XP level 2. HP: 15/15 MP: 5/8
   863 | D:2      | Reached XP level 3. HP: 16/19 MP: 1/10
  1419 | D:2      | Found a sparkling altar of Nemelex Xobeh.
  1419 | D:2      | Found a glowing silver altar of Zin.
  1420 | D:2      | Found an iron altar of Okawaru.
  1608 | D:3      | Reached XP level 4. HP: 23/24 MP: 9/12
  1623 | D:3      | Reached skill level 5 in Spellcasting
  1823 | D:3      | Reached skill level 5 in Earth Magic
  1824 | D:3      | Reached XP level 5. HP: 28/28 MP: 12/14
  1835 | D:3      | Learned a level 2 spell: Passwall
  1839 | D:3      | Learned a level 3 spell: Stone Arrow
  1844 | D:3      | Learned a level 4 spell: Petrify
  2161 | D:3      | Noticed Robin
  2171 | D:3      | Killed Robin
  2342 | D:3      | Reached XP level 6. HP: 32/32 MP: 14/17
  2350 | D:3      | Learned a level 5 spell: Lee's Rapid Deconstruction
  2778 | D:4      | Noticed Duvessa
  3020 | D:4      | Noticed Dowan
  3023 | D:4      | Killed Dowan
  3390 | D:4      | Found Pian's Distillery.
  3553 | D:4      | Reached XP level 7. HP: 33/36 MP: 3/19
  3902 | D:5      | Entered Level 5 of the Dungeon
  4049 | D:5      | Noticed Grinder
  4064 | D:5      | Killed Grinder
  4075 | D:4      | Reached XP level 8. HP: 20/41 MP: 1/22
  4288 | D:5      | Noticed Blork the orc
  4336 | D:5      | Found a sand-covered staircase.
  4344 | Ossuary  | Entered an ossuary
  4910 | D:5      | Found Bociodeu's Jewellery Boutique.
  5021 | D:5      | Reached skill level 10 in Spellcasting
  5038 | D:5      | Reached skill level 10 in Earth Magic
  5172 | D:5      | Found Sackan's Armour Shop.
  5196 | D:5      | Found a white marble altar of Elyvilon.
  5422 | D:5      | Reached XP level 9. HP: 45/45 MP: 14/25
  5422 | D:5      | Killed Blork the orc
  5588 | D:5      | Found Pybug's Assorted Antiques.
  6337 | D:6      | Found a staircase to the Ecumenical Temple.
  6347 | Temple   | Entered the Ecumenical Temple
  6453 | Temple   | Became a worshipper of Vehumet
  6588 | D:6      | Found a runed translucent door.
  6593 | D:6      | Noticed ChadusMaximus's ghost (novice MiBe)
  7486 | D:6      | Killed ChadusMaximus's ghost
  7787 | D:7      | Found an ornate altar of the Wu Jian Council.
  8019 | D:7      | Found Kawummat's Armour Boutique.
  8546 | D:7      | Reached * piety under Vehumet
  8546 | D:7      | Offered knowledge of Sting by Vehumet.
  9238 | D:8      | Reached XP level 10. HP: 50/50 MP: 25/28
  9326 | D:8      | Noticed Grum
  9340 | D:8      | Killed Grum
  9551 | D:8      | Noticed a two-headed ogre
  9554 | D:8      | Killed a two-headed ogre
  9825 | D:8      | Noticed Maurice
  9828 | D:8      | Killed Maurice
  9952 | D:8      | Noticed a two-headed ogre
  9955 | D:8      | Killed a two-headed ogre
 10368 | D:8      | Offered knowledge of Searing Ray by Vehumet.
 10402 | D:8      | Reached ** piety under Vehumet
 10451 | D:8      | Noticed Erica
 10458 | D:8      | Killed Erica
 10460 | D:8      | Reached XP level 11. HP: 32/54 MP: 12/30
 10595 | D:8      | Noticed a three-headed hydra
 10727 | D:8      | Killed a three-headed hydra
 10996 | D:9      | Offered knowledge of Mephitic Cloud by Vehumet.
 11017 | D:9      | Found a snail-covered altar of Cheibriados.
 11107 | D:9      | Found a staircase to the Lair.
 11273 | D:9      | Reached *** piety under Vehumet
 11467 | D:9      | Found an ancient bone altar of Kikubaaqudgha.
 11502 | D:9      | Offered knowledge of Olgreb's Toxic Radiance by Vehumet.
 11629 | D:9      | Found a staircase to the Orcish Mines.
 11801 | D:9      | Got a smoking dagger
 11802 | D:9      | Identified the +6 dagger of the Beast {pierce, MR++ SInv}
                  | (You found it on level 9 of the Dungeon)
 11864 | Lair:1   | Entered Level 1 of the Lair of Beasts
 12280 | Lair:1   | Reached skill level 15 in Spellcasting
 12280 | Lair:1   | Reached skill level 15 in Earth Magic
 13020 | Lair:2   | Found a staircase to the Swamp.
 13124 | Lair:2   | Found a staircase to the Snake Pit.
 13130 | Lair:2   | Found a runed translucent door.
 13130 | Lair:2   | Noticed Arelonk's ghost (journeyman DsGl)
 13301 | Lair:2   | Noticed a six-headed hydra
 13304 | Lair:2   | Killed a six-headed hydra
 13322 | Lair:2   | Reached **** piety under Vehumet
 13444 | Lair:2   | Identified the Reference Book on Creative Ice
 14071 | Lair:3   | Found a dark tunnel.
 14082 | Volcano  | Entered a volcano
 14116 | Volcano  | Noticed a two-headed ogre
 14123 | Volcano  | Killed a two-headed ogre
 14123 | Volcano  | Reached skill level 1 in Fighting
 14127 | Volcano  | Noticed a two-headed ogre
 14130 | Volcano  | Noticed a two-headed ogre
 14133 | Volcano  | Noticed a hell knight
 14145 | Volcano  | Killed a two-headed ogre
 14145 | Volcano  | Reached XP level 12. HP: 11/62 MP: 7/33
 14152 | Volcano  | Killed from afar by a hell knight

Levels and vault maps discovered:
D:1:      evilmike_arrival_run_for_it, layout_basic, minivault_11,
          minmay_stone_trees_medium
D:2:      layout_basic, gammafunk_temple_overflow_claw, serial_curves,
          eino_curves_02, eino_curves_03
D:3:      corexii_shack_village, layout_basic, uniq_robin
D:4:      layout_rooms, first_ration, serial_shops, shop, uniq_duvessa
D:5:      layout_rooms, gup_ossuary_entry_pyramid, serial_shops,
          nicolae_shop_overgrown_old_shop, shop, shop, basic_altar,
          hex_intersection, grunt_ministairs_4, uniq_grinder, uniq_blork_the_orc
D:6:      layout_loops_ring, minmay_temple_entry_statues_fountains,
          gammafunk_ghost_grave
D:7:      layout_basic, kennysheep_mini_moat, serial_shops, shop
D:8:      layout_loops_ring, hangedman_ranch [blue_anna_fruit_fields],
          uniq_grum, uniq_erica, uniq_maurice
D:9:      layout_rooms, david_lair_shrubbed, orc_0_dummy, basic_altar,
          st_stairs_14, lemuel_mausoleum_altar_kikubaaqudgha
Temple:   dpeg_five_rooms_temple
Lair:1:   layout_chaotic_city
Lair:2:   layout_regular_city, minmay_swamp_entry_wisps, dummy_snake_entry,
          serial_forest, infiniplex_forest_clump_small,
          infiniplex_forest_clump_tiny, infiniplex_forest_clump_diagonal,
          infiniplex_forest_clump_double, infiniplex_forest_clump_medium,
          infiniplex_forest_clump_C, infiniplex_forest_3_way,
          gammafunk_ghost_grave
Lair:3:   gammafunk_mikee_crab_dinner, layout_gridlike,
          lightli_volcano_entry_magma_tube, uniq_gastronok, uniq_rupert
Volcano:  volcano_pools

Skill      XL: |  1  2  3  4  5  6  7  8  9 10 11 |
---------------+----------------------------------+-----
Earth Magic    | 4 5 7 8 10 12 14 15 | 15.5
Spellcasting   | 4 5 6 7 8 10 12 13 15 | 15.7
Fighting       | 2 |  2.1
Dodging        | 3 |  3.4
Stealth        | |  2.4
Transmutations | |  1.1

Action                   |  1- 3 |  4- 6 |  7- 9 | 10-12 || total
-------------------------+-------+-------+-------+-------++-------
Melee: Short sword       |     2 |     5 |       |       ||     7
       Dagger            |       |       |     2 |     6 ||     8
 Cast: Sandblast         |    63 |    78 |    84 |    89 ||   314
       Lee's Rapid Decon |       |     7 |    58 |    82 ||   147
       Stone Arrow       |       |     2 |    45 |    13 ||    60
       Petrify           |       |       |       |     4 ||     4
  Use: Potion            |       |     3 |     2 |     1 ||     6
       Scroll            |       |    10 |    12 |     6 ||    28
 Stab: Sleeping          |     1 |     1 |       |       ||     2
       Petrified         |       |       |       |     5 ||     5
  Eat: Chunk             |     1 |     4 |    14 |    15 ||    34
       Ration            |       |     1 |     4 |     2 ||     7
Armor: Robe              |     3 |     2 |     1 |     4 ||    10
Dodge: Dodged            |    11 |    12 |    28 |    22 ||    73
